 Dungeon Crawl Stone Soup version 0.16-a0-4112-g89a4107 (webtiles) character file.

77 Chiv the Charlatan (level 4, 14/33 HPs)
             Began as a Human Artificer on Feb 27, 2015.
             Was an Initiate of Gozag.
             Quit the game on level 2 of the Dungeon.
             The game lasted 00:20:22 (1818 turns).

Chiv the Charlatan (Human Artificer)                Turns: 1818, Time: 00:20:23

Health: 14/33      AC:  7    Str: 11    XL:     4   Next: 60%
Magic:  2/6        EV: 12    Int: 12    God:    Gozag
Gold:   88         SH:  0    Dex: 15    Spells: 0 memorised, 3 levels left

rFire  . . .     SeeInvis .     a - +0 short sword
rCold  . . .     Clarity  .     e - +0 leather armour
rNeg   . . .     SustAb   .     (no shield)
rPois  .         Gourm    .     (no helmet)
rElec  .         Spirit   +     (no cloak)
rCorr  .         Warding  .     m - +0 pair of gloves
rMut   .         Stasis   .     (no boots)
MR     .....                    k - amulet of guardian spirit
Stlth  ++........               (no ring)
                                i - +3 ring of protection

@: not resistant to hostile enchantments, unstealthy
A: no striking features
a: Potion Petition, Call Merchant, Bribe Branch, Renounce Religion


You were on level 2 of the Dungeon.
You worshipped Gozag.
Gozag was noncommittal.
You were not hungry.

You visited 1 branch of the dungeon, and saw 2 of its levels.

You collected 174 gold pieces.
You paid 86 gold pieces to Gozag.

Inventory:

Hand weapons
 a - a +0 short sword (weapon)
 s - a +1 dagger of venom
Missiles
 j - 51 bolts
Armour
 e - a +0 leather armour (worn)
 m - a +0 pair of gloves (worn)
 t - a +2 robe of positive energy
Jewellery
 i - a +3 ring of protection (left hand)
 k - an amulet of guardian spirit (around neck)
 p - a cursed amulet of inaccuracy {unknown}
Magical devices
 b - a wand of flame (10)
 c - a wand of enslavement (8)
 d - a wand of random effects (10)
 o - a wand of magic darts (6)
 r - a wand of slowing (22)
Scrolls
 h - a scroll of enchant armour {unknown}
Potions
 g - 2 potions of haste {unknown}
 q - a potion of brilliance


   Skills:
 + Level 1.7 Fighting
 + Level 1.5 Short Blades
 + Level 0.6 Armour
 + Level 2.6 Dodging
 + Level 1.7 Stealth
 + Level 3.9 Evocations


You had 3 spell levels left.
You didn't know any spells.

Dungeon Overview and Level Annotations

Branches:
Dungeon (2/15)

Altars:
Gozag
Okawaru
Qazlal
Xom


Message History

Evoke which item? (* to show all) (? for menu, Esc to quit)
Zapping:
d - a wand of random effects (14)
Press: ? - help, Shift-Dir - straight line Nothing appears to happen.
This wand has 13 charges left.
Evoke which item? (* to show all) (? for menu, Esc to quit)
Zapping:
d - a wand of random effects (13)
Press: ? - help, Shift-Dir - straight line Nothing appears to happen.
This wand has 12 charges left.
Evoke which item? (* to show all) (? for menu, Esc to quit)
Zapping:
d - a wand of random effects (12)
Press: ? - help, Shift-Dir - straight line This wand has 11 charges left.
Evoke which item? (* to show all) (? for menu, Esc to quit)
Zapping:
d - a wand of random effects (11)
Press: ? - help, Shift-Dir - straight line You hear a mighty clap of thunder!
The bolt of lightning hits you!
Ouch! That really hurt!
This wand has 10 charges left.
Are you sure you want to abandon this character and quit the game? (Confirm with "yes".)

##.###.....#### #..##8...8# ### #
#### ##_## ##.. ##. #########..#
#.. ##.....##.##. #.#
#....÷<...... #.#
######.####....### #.#
#..#.....####...## #.#
#@.#.#.####......# ##.#
#..#.._..#........ ########..#
###..###.#.#...(....
#........#####.(..#.....#......##
..#####..###...######.###.#######
###§§§###....### #.....#
#§§§§§§§##..## #######
§§§§§§§§§##.# §§§§§§§§§§###


There were no monsters in sight!

Vanquished Creatures
  Ijyb (D:2)
  Jessica (D:2)
  2 adders (D:2)
  A worm (D:2)
  2 giant geckos (D:1)
  2 ball pythons
  A bat (D:1)
  A giant cockroach (D:2)
  3 hobgoblins
  2 kobolds (D:1)
  A giant newt (D:1)
  2 rats
19 creatures vanquished.

Vanquished Creatures (collateral kills)
  An ooze (D:2)
  A goblin (D:1)
  A bat (D:2)
  A kobold (D:2)
4 creatures vanquished.

Vanquished Creatures (others)
  A worm (D:2)
  A hobgoblin (D:2)
  A goblin (D:2)
3 creatures vanquished.

Grand Total: 26 creatures vanquished

Notes
Turn   | Place    | Note
--------------------------------------------------------------
     0 | D:1      | Chiv, the Human Artificer, began the quest for the Orb.
     0 | D:1      | Reached XP level 1. HP: 15/15 MP: 1/1
   173 | D:1      | Reached XP level 2. HP: 21/21 MP: 3/3
   770 | D:2      | Found a shimmering altar of Xom.
   781 | D:2      | Found an opulent altar of Gozag.
   854 | D:2      | Noticed Jessica
   944 | D:2      | Noticed Ijyb
   966 | D:2      | Found an iron altar of Okawaru.
   983 | D:2      | Killed Ijyb
   983 | D:2      | Reached XP level 3. HP: 22/26 MP: 4/4
   999 | D:2      | Killed Jessica
   999 | D:2      | Reached XP level 4. HP: 28/32 MP: 6/6
  1058 | D:2      | Became a worshipper of Gozag Ym Sagoz the Greedy
  1422 | D:2      | Found a stormy altar of Qazlal.
  1818 | D:2      | Quit the game

Action                   |  1- 3 |  4- 6 || total
-------------------------+-------+-------++-------
Melee: Short sword       |    55 |    48 ||   103
Evoke: Wand              |    22 |    15 ||    37
  Use: Potion            |     4 |       ||     4
       Scroll            |       |     3 ||     3
 Stab: Paralysed         |     6 |       ||     6
  Eat: Bread ration      |       |     1 ||     1
       Beef jerky        |       |     1 ||     1
